Map: Interloper LE

Players

Lalugi

  • Race: Zerg Zerg
  • Spawn Location: 11:00

UpATree - Winner!

  • Race: Terran Terran
  • Spawn Location: 5:00

Event: WCS Montreal 2017

VOD

Have the link to the VOD?

Description

Time

  • Played on: Sept. 8, 2017, 12:15 p.m.
  • Length: 12:51

All games in this series

Show
View Real Time Build Order
Export as new Build Order

Lalugi Zerg 

Build Orders: Hatch First 

Get SALT Encoding   

  12  0:01  Drone  
  13  0:13  Overlord  
  13  0:19  Drone  
  14  0:33  Drone x2  
  14  0:35  Drone  
  17  0:57  Drone  
  17  0:58  Hatchery  
  17  1:02  Extractor  
  16  1:05  Drone  
  17  1:18  Spawning Pool  
  16  1:25  Drone x2  
  18  1:31  Drone  
  19  1:40  Overlord  
  19  1:52  Drone  
  20  2:02  Drone  
  21  2:10  Queen  
  21  2:11  Metabolic Boost, Zergling x2  
  21  2:15  Zergling x2  
  25  2:21  Drone  
  25  2:22  Drone  
  27  2:32  Drone  
  27  2:35  Drone  
  29  2:42  Queen  
  29  2:43  Overlord  
  31  2:45  Drone  
  31  2:46  Queen  
  34  2:54  Drone  
  35  3:01  Drone  
  35  3:04  Overlord  
  36  3:11  Spore Crawler  
  34  3:14  Drone  
  34  3:17  Drone x3  
  34  3:18  Drone  
  34  3:19  Overlord  
  40  3:28  Drone x2  
  40  3:29  Roach Warren  
  41  3:42  Drone x2  
  42  3:49  Extractor  
  42  3:50  Overlord  
  42  3:52  Drone  
  42  3:53  Drone x3  
  45  3:57  Extractor  
  44  4:06  Overlord  
  47  4:10  Roach x4, Hatchery  
  47  4:13  Roach  
  54  4:19  Roach  
  56  4:25  Roach x2  
  56  4:26  Roach  
  56  4:29  Drone x2  
  64  4:36  Drone x3  
  67  4:43  Drone  
  68  4:53  Overlord  
  68  4:55  Baneling Nest  
  68  4:57  Zergling x2  
  68  4:58  Spore Crawler  
  67  5:00  Spore Crawler, Drone x2  
  67  5:04  Lair  
  67  5:05  Overlord x3  
  68  5:15  Overlord  
  68  5:21  Queen x2  
  68  5:23  Drone x3  
  75  5:34  Roach x3  
  81  5:37  Spore Crawler, Zergling x2  
  81  5:38  Zergling x6  
  84  5:44  Evolution Chamber  
  84  5:49  Drone x5  
  85  6:08  Spore Crawler, Overlord  
  85  6:09  Overlord  
  84  6:13  Glial Reconstitution  
  84  6:16  Spore Crawler  
  83  6:25  Overlord x3  
  83  6:29  Hydralisk Den  
  83  6:30  Overlord, Drone x4  
  83  6:31  Overlord x2, Drone x2  
  88  6:35  Spore Crawler  
  88  6:37  Drone  
  88  6:42  Roach  
  89  6:48  Extractor, Drone x5  
  89  6:51  Extractor  
  92  6:58  Roach x3  
  92  6:59  Muscular Augments  
  92  7:20  Hatchery  
  91  7:24  Hydralisk x4  
  97  7:38  Hydralisk  
  97  7:40  Overlord  
  97  7:42  Hydralisk  
  97  7:43  Overlord  
  101  7:45  Drone  
  102  7:51  Zerg Missile Weapons Level 1  
  102  7:57  Evolution Chamber  
  101  7:59  Hydralisk x2  
  105  8:16  Hydralisk x3  
  105  8:17  Queen  
  113  8:21  Hatchery  
  113  8:22  Drone x4  
  116  8:27  Drone x2  
  118  8:34  Zerg Ground Armor Level 1  
  118  8:38  Spore Crawler, Hydralisk  
  113  8:51  Queen, Drone x3  
  113  8:53  Drone x3  
  119  9:00  Drone x2  
  121  9:03  Queen  
  121  9:04  Extractor  
  121  9:05  Extractor  
  121  9:09  Hydralisk x3  
  125  9:12  Drone  
  128  9:23  Hydralisk x2  
  132  9:26  Overlord  
  132  9:29  Overseer x2  
  132  9:33  Hydralisk x3  
  132  9:34  Hydralisk  
  140  9:38  Hydralisk x2  
  140  9:39  Queen, Hydralisk  
  140  9:45  Overseer x2  
  148  9:59  Zerg Missile Weapons Level 2  
  148  10:01  Hydralisk x2  
  148  10:02  Overlord  
  148  10:03  Overlord  
  152  10:07  Drone x4  
  152  10:08  Drone x4  
  152  10:12  Overlord x2  
  160  10:15  Infestation Pit  
  160  10:19  Overlord  
  159  10:24  Hydralisk x2  
  159  10:27  Roach  
  165  10:29  Roach  
  165  10:30  Roach x2  
  171  10:37  Roach x3  
  171  10:42  Roach  
  171  10:43  Roach  
  164  10:51  Roach x2  
  164  10:54  Roach  
  164  10:56  Hive  
  168  11:14  Roach  
  168  11:15  Roach x6  
  182  11:24  Drone x3  
  182  11:25  Drone x5  
  190  11:27  Spine Crawler  
  189  11:35  Roach x4  
  189  11:36  Roach  
  189  11:39  Spine Crawler  
  198  11:41  Spore Crawler  
  197  11:49  Hydralisk  
  129  12:02  Roach  
  129  12:03  Roach x10  
  149  12:09  Roach x2  
  149  12:10  Roach, Hydralisk  
  153  12:20  Roach x5  
  153  12:21  Overseer x2  
  163  12:25  Hydralisk  
Show
View Real Time Build Order
Export as new Build Order

UpATree Terran - Winner!

Build Orders: Bio Tank 

Get SALT Encoding   

  12  0:00  SCV  
  13  0:12  SCV  
  14  0:20  Supply Depot  
  14  0:25  SCV  
  15  0:42  SCV  
  16  0:44  Barracks  
  16  0:49  Refinery  
  16  0:54  SCV  
  17  1:06  SCV  
  18  1:18  SCV  
  20  1:34  Reaper  
  20  1:35  Orbital Command  
  20  1:43  Command Center  
  20  1:55  Barracks  
  20  2:00  SCV  
  21  2:08  Supply Depot  
  21  2:09  Barracks Reactor  
  21  2:13  SCV  
  22  2:17  Refinery  
  22  2:27  SCV  
  23  2:33  Factory  
  23  2:39  SCV  
  24  2:44  Barracks Tech Lab  
  24  2:49  Marine x2  
  26  2:51  SCV  
  26  2:58  Orbital Command  
  27  3:04  Marine  
  28  3:08  Stimpack  
  28  3:17  SCV  
  29  3:20  Starport  
  29  3:22  Marine x2  
  29  3:24  SCV  
  32  3:33  Marine, Factory Reactor  
  33  3:35  SCV  
  33  3:37  SCV  
  33  3:40  Marine  
  33  3:41  Marine  
  37  3:51  Marine  
  37  3:52  SCV  
  39  3:58  Marine, SCV  
  41  4:06  SCV  
  41  4:07  Supply Depot  
  41  4:08  Marine  
  43  4:17  Marine x2  
  45  4:26  Widow Mine  
  45  4:27  Medivac x2  
  45  4:30  Supply Depot  
  51  4:33  SCV x2  
  53  4:38  Marine x2  
  53  4:42  Marine  
  55  4:47  SCV  
  55  4:50  Command Center  
  56  4:56  Bunker  
  56  5:00  Supply Depot  
  56  5:03  Marine x3  
  56  5:04  Factory Tech Lab  
  56  5:05  Medivac x2  
  63  5:07  SCV x2  
  65  5:21  Marine  
  65  5:22  Marine x2  
  65  5:25  Siege Tank, SCV  
  72  5:30  SCV  
  72  5:34  Engineering Bay  
  73  5:37  SCV  
  73  5:38  Engineering Bay  
  73  5:39  Combat Shields, Marine  
  73  5:42  SCV  
  77  5:50  SCV  
  77  5:54  SCV  
  78  6:02  Marine  
  78  6:03  Marine  
  78  6:04  Siege Tank, Marine  
  80  6:05  Orbital Command  
  80  6:06  SCV x2  
  85  6:17  Barracks  
  85  6:18  Barracks, SCV  
  86  6:20  Barracks  
  86  6:25  SCV  
  86  6:27  Refinery  
  86  6:28  Refinery  
  86  6:31  SCV  
  87  6:34  Orbital Command  
  87  6:36  Siege Tank  
  87  6:37  Marine x2, SCV  
  93  6:41  Supply Depot  
  93  6:43  Supply Depot  
  93  6:44  Supply Depot  
  93  6:46  Armory  
  91  6:47  SCV  
  91  6:49  SCV  
  93  7:03  Marine x2, SCV  
  96  7:08  Siege Tank  
  96  7:12  Barracks Reactor  
  96  7:13  Barracks Reactor x2  
  96  7:14  SCV  
  96  7:15  SCV  
  100  7:22  Marine x3  
  101  7:23  SCV  
  101  7:24  Terran Infantry Weapons Level 1  
  101  7:26  SCV  
  101  7:27  Supply Depot  
  101  7:28  Supply Depot x2, SCV  
  106  7:36  SCV  
  106  7:38  SCV  
  106  7:40  Siege Tank, Marine x2  
  112  7:46  SCV  
  112  7:47  Terran Infantry Armor Level 1  
  112  7:50  Bunker  
  113  7:53  Supply Depot, SCV  
  113  7:54  Supply Depot, Marine  
  113  7:55  Marine x2  
  113  7:57  SCV  
  118  8:04  Marine x2  
  118  8:11  Marine  
  118  8:12  Marine x2  
  109  8:13  Siege Tank, Medivac x2  
  109  8:18  SCV x2  
  109  8:19  SCV  
  119  8:25  Sensor Tower  
  119  8:26  Supply Depot x2  
  119  8:30  SCV  
  119  8:31  SCV  
  119  8:32  Refinery x2  
  119  8:33  Supply Depot  
  121  8:35  Marine x4  
  124  8:45  Siege Tank  
  127  8:51  Marine x3  
  130  9:00  Factory, SCV x3  
  130  9:01  Barracks Reactor  
  130  9:02  Command Center  
  133  9:08  Marine x3  
  136  9:13  SCV  
  136  9:15  Barracks  
  137  9:17  Barracks  
  137  9:18  Barracks, SCV x2  
  137  9:21  Marine x3  
  137  9:23  Supply Depot  
  142  9:25  Supply Depot, Terran Vehicle Weapons Level 1  
  142  9:27  Supply Depot  
  142  9:29  Supply Depot, Siege Tank  
  142  9:31  Supply Depot  
  145  9:38  Terran Infantry Weapons Level 2  
  141  9:53  Marine x5  
  141  9:54  Siege Tank, Medivac  
  141  9:55  Medivac  
  141  9:56  SCV x2  
  153  10:00  Terran Infantry Armor Level 2  
  153  10:01  Siege Tank  
  153  10:04  Marine x2  
  158  10:11  Supply Depot  
  158  10:13  Supply Depot x2  
  158  10:18  Marine x5  
  158  10:20  Barracks Tech Lab x3  
  163  10:25  Medivac  
  163  10:26  Siege Tank  
  158  10:30  Marine  
  158  10:33  Siege Tank  
  162  10:52  Marine  
  162  10:53  Marine  
  162  10:55  Marine x2  
  162  10:56  Planetary Fortress  
  164  10:58  Marine x2  
  164  10:59  Siege Tank, Marine x2  
  170  11:07  Marine x2  
  170  11:08  Marine x3  
  170  11:09  Siege Tank  
  178  11:20  Marine x2  
  178  11:21  Sensor Tower  
  178  11:23  Marine x2  
  182  11:31  Siege Tank  
  174  11:41  Siege Tank, Marine x2  
  174  11:42  Marine x11  
  174  11:46  Medivac x2  
  192  11:59  Marine x2  
  192  12:00  Marine x7  
  192  12:01  Marine x3  
  194  12:04  Siege Tank  
  198  12:11  Marine  
  198  12:17  Marine x3  
Tags
 
Add a new tag
Caveats
  • Supply blocks, unpowered buildings, or Contaminate may cause inaccurate times.
  • Supply counts are checked every 10 seconds.